 Dungeon Crawl Stone Soup version 0.30-a0-737-gf23d94013f (webtiles) character file.

Game seed: 2533583036461619321

214421 Newt the Skirmisher (level 18, -19/150 HPs)
             Began as a Demonspawn Gladiator on Feb 1, 2023.
             Was the Champion of Hepliaklqana.
             Shot with an arrow by a satyr (26 damage)
             ... on level 3 of the Shoals.
             The game lasted 00:55:10 (28112 turns).

Newt the Skirmisher (Demonspawn Gladiator)         Turns: 28112, Time: 00:55:11

Health: -19/150    AC: 12    Str: 26    XL:     18   Next: 30%
Magic:  4/30       EV: 23    Int: 10    God:    Hepliaklqana [******]
Gold:   4012       SH: 10    Dex: 18    Spells: 22/33 levels left

rFire   . . .      SeeInvis +    q - +8 sling of the Boiling Point {drain, Str+3}
rCold   + + +      Faith    .    v - +3 buckler {reflect}
rNeg    . . .      Spirit   .    E - +4 skin of Zhor {*Englaciate rC+++ SInv}
rPois   .          Reflect  +    t - +2 helmet {Int+3}
rElec   +          Harm     +    Z - scarf {harm}
rCorr   .          Rampage  .    (gloves unavailable)
Will    ++++.      Rage     50%  k - +0 pair of boots of Complete Protection {Str+4}
Stlth   +                        h - necklace of Bloodlust {Fury *Rage Will++ Int-3 Slay+6}
HPRegen 5.45/turn                J - +5 ring of evasion
MPRegen 0.22/turn                V - ring of willpower

@: portalling projectiles, studying Poison Magic, very slow
A: reduced essence, rugged brown scales 2, demonic guardian 2, powered by death
3, demonic touch 3, deformed body, robust 1, electricity resistance, no potion
heal 1
}: 1/15 runes: gossamer
a: Renounce Religion, Recall Ancestor, Ancestor Identity, Transference, Idealise


You were on level 3 of the Shoals.
You worshipped Hepliaklqana.
Hepliaklqana was exalted by your worship.
You visited 6 branches of the dungeon, and saw 27 of its levels.
You also visited: Sewer and Bailey.

You collected 5180 gold pieces.
You spent 1168 gold pieces at shops.

Inventory:

Hand Weapons
 q - the +8 sling of the Boiling Point (weapon) {drain, Str+3}
   (You bought it in a shop on level 2 of the Dungeon)

   Str:       It affects your strength (+3).
 z - a +5 sling of draining
 Q - a +2 sling of draining
Missiles
 d - 2 throwing nets
 m - 7 silver javelins
 R - 5 javelins
Armour
 k - the +0 pair of boots of Complete Protection (worn) {Str+4}
   (You found it in a bailey)

   Str:       It affects your strength (+4).
 t - a +2 helmet of intelligence (worn)
 v - a +3 buckler of reflection (worn)
 C - a +3 ring mail of poison resistance
 E - the +4 skin of Zhor (worn) {*Englaciate rC+++ SInv}
   (You took it off an orc on level 12 of the Dungeon)

   *Englaciate: It radiates cold, occasionally slowing all nearby creatures who
   are not resistant to cold.
   rC:        It renders you almost immune to cold.
   SInv:      It lets you see invisible.
 Z - a scarf of harm (worn)
Jewellery
 a - the amulet of Awo Muatt {Will+ Regen+}
   (You acquired it on level 4 of the Lair of Beasts)

   [amulet of regeneration]

   Regen:     It increases your rate of health regeneration.
   Will:      It increases your willpower.
 h - the necklace of Bloodlust (around neck) {Fury *Rage Will++ Int-3 Slay+6}
   (You found it on level 1 of the Orcish Mines)

   [amulet of nothing]

   Fury:      It extends the wearer's berserk rage when killing foes.
   Int:       It affects your intelligence (-3).
   Slay:      It affects your accuracy & damage with ranged weapons and melee
   (+6).
   *Rage:     It berserks you when you make melee attacks (+50% chance).
   Will:      It greatly increases your willpower.
 u - a ring of protection from cold
 J - a +5 ring of evasion (left hand)
 V - a ring of willpower (right hand)
Wands
 b - a wand of iceblast (13)
 f - a wand of charming (19)
 F - a wand of flame (17)
 L - a wand of quicksilver (36)
 U - a wand of polymorph (3)
 Y - a wand of mindburst (21)
Scrolls
 c - a scroll of butterflies
 e - a scroll of enchant armour
 o - a scroll of amnesia
 p - 9 scrolls of teleportation
 r - 7 scrolls of enchant weapon
 y - 4 scrolls of poison
 A - 2 scrolls of fear
 D - 5 scrolls of immolation
 I - a scroll of noise
 K - 3 scrolls of magic mapping
 M - 2 scrolls of blinking
 O - 2 scrolls of silence
Potions
 g - 15 potions of curing
 i - 6 potions of heal wounds
 j - 3 potions of resistance
 l - 4 potions of magic
 s - 7 potions of brilliance
 w - 3 potions of might
 x - 4 potions of mutation
 B - 2 potions of invisibility
 G - 6 potions of flight
 H - 7 potions of haste
 N - 3 potions of berserk rage
 S - 5 potions of cancellation
 X - 6 potions of ambrosia
Miscellaneous
 n - a phial of floods
 P - a box of beasts
 T - a phantom mirror


   Skills:
 - Level 13.0 Fighting
 - Level 2.6 Short Blades
 + Level 14.2 Ranged Weapons
 - Level 4.3 Throwing
 - Level 6.0 Armour
 - Level 10.0 Dodging
 - Level 2.0 Stealth
 - Level 10.0 Shields
 - Level 8.0 Spellcasting
 - Level 11.2 Hexes
 - Level 10.3 Translocations
 - Level 9.0 Invocations
 - Level 10.0 Evocations


You had 22 spell levels left.
You knew the following spells:

 Your Spells              Type           Power      Damage    Failure   Level
a - Portal Projectile     Hex/Tloc       50%        N/A       1%          3
b - Blink                 Tloc           48%        N/A       1%          2
c - Dazzling Flash        Conj/Hex       30%        N/A       6%          3
d - Tukima's Dance        Hex            26%        N/A       1%          3

Your spell library contained the following spells:

 Spells                   Type           Power      Damage    Failure   Level
 Lesser Beckoning         Tloc           48%        N/A       1%          2
 Gell's Gravitas          Tloc           24%        N/A       1%          3
 Teleport Other           Tloc           24%        N/A       1%          3
 Momentum Strike          Conj/Tloc      28%        3d8       3%          2
 Magic Dart               Conj           16%        1d3       21%         1
 Sandblast                Erth           8%         2d5       21%         1
 Fulminant Prism          Conj/Hex       7%         3d7       21%         4
 Passwall                 Tmut/Erth      3%         N/A       30%         2
 Searing Ray              Conj           8%         2d4       30%         2
 Silence                  Hex/Air        7%         N/A       50%         5
 Stone Arrow              Conj/Erth      8%         3d7       52%         3
 Animate Dead             Necr           4%         N/A       89%         4
 Agony                    Necr           4%         N/A       99%         5
 Blade Hands              Tmut           2%         N/A       99%         5
 Borgnjor's Vile Clutch   Necr/Erth      2%         N/A       99%         5
 Irradiate                Conj/Tmut      2%         3d12      99%         5
 Death Channel            Necr           2%         N/A       100%        6
 Dragon Form              Tmut           2%         N/A       100%        7


Dungeon Overview and Level Annotations

Branches:
Dungeon (12/15)            Temple (1/1) D:5            Lair (5/5) D:9
 Shoals (3/4) Lair:2       Spider (4/4) Lair:2        Slime (0/5) Lair:4
    Orc (2/2) D:12            Elf (0/3) Orc:2         Sewer (visited)
 Bailey (visited)

Altars:
Ashenzari
Cheibriados
Dithmenos
Fedhas
Gozag
Hepliaklqana
Kikubaaqudgha
Nemelex Xobeh
Okawaru
Qazlal
Ru
Sif Muna
Trog
Uskayaw
Vehumet
Wu Jian
Xom
Yredelemnul
Jiyva

Shops:
D:2 (   D:5 *   D:6 *   D:9 !   Orc:1 *   Orc:2 ::*(   Shoals:1 ?

Annotations:
Lair:1 3 runed translucent doors, jimonade's ghost, journeyman VSBr
Shoals:3 2 transporters, Qobluxtent's ghost, adept GnDe


Innate Abilities, Weirdness & Mutations

Your life essence is reduced to manifest your ancestor. (-10% HP)
You are mostly covered in rugged brown scales. (AC +2, +5% HP)
A demonic guardian rushes to your aid.
You regenerate a lot of health from kills.
Your touch may irresistibly damage your foes and sap their willpower.
Armour fits poorly on your strangely shaped body.
You are robust. (+10% HP)
You are resistant to electric shocks. (rElec)
Potions are less effective at restoring your health.


Message History

Fire: q) +8 sling of the Boiling Point {drain, Str+3}
Press: ? - help, Q - select action, (/) - cycle Shift-Dir - straight line, f/p - centaur warrior
Aim: a centaur warrior, wielding a +0 shortbow (severely wounded, slow, lightly drained, ally target, 84% to hit)
You magically shoot a sling bullet.
The sling bullet hits the centaur warrior!
The centaur warrior is almost dead.
The centaur warrior is no longer moving slowly.
You block the merfolk's attack.
Fire: q) +8 sling of the Boiling Point {drain, Str+3}
Press: ? - help, Q - select action, (/) - cycle Shift-Dir - straight line, f/p - centaur warrior
Aim: a centaur warrior, wielding a +0 shortbow (almost dead, lightly drained, ally target, 84% to hit)
You magically shoot a sling bullet.
The sling bullet hits the centaur warrior!
You kill the centaur warrior!
The satyr plays a rousing melody on his pipes!
The satyr goes into a battle-frenzy!
The satyr shoots an arrow.
The arrow closely misses you.
Cipactli hits the water elemental with a +0 broad axe of flaming.
Cipactli burns the water elemental.
The merfolk barely misses you.
Fire: q) +8 sling of the Boiling Point {drain, Str+3}
Press: ? - help, Q - select action, (/) - cycle Shift-Dir - straight line, f - merfolk
Aim: a merfolk, wielding a +0 trident (77% to hit)
You magically shoot a sling bullet.
The sling bullet closely misses the merfolk.
The satyr shoots an arrow.
The arrow completely misses you.
The satyr shoots an arrow.
You reflect the arrow off your +3 buckler of reflection!
The arrow hits the satyr!!
Cipactli hits the water elemental with a +0 broad axe of flaming.
Cipactli burns the water elemental.
Fire: q) +8 sling of the Boiling Point {drain, Str+3}
Press: ? - help, Q - select action, (/) - cycle Shift-Dir - straight line, f/p - merfolk
Aim: a merfolk, wielding a +0 trident (77% to hit)
You magically shoot a sling bullet.
The sling bullet barely misses the merfolk.
The merfolk misses you.
The satyr shoots an arrow.
The arrow hits you!!!
* * * LOW HITPOINT WARNING * * *
A demonic guardian appears!
You block the water elemental's attack.
The satyr shoots an arrow.
The arrow hits you!!
You die...

..~≈≈≈≈≈≈≈≈≈≈≈≈≈≈≈≈≈≈≈≈≈
..~≈≈≈≈≈≈≈≈≈≈≈≈≈≈≈≈≈≈≈~~~
~~≈≈≈≈≈≈~~~≈≈≈≈≈≈≈≈≈≈≈~~.~
≈≈≈≈≈≈≈≈.~~~≈≈≈≈≈≈≈≈≈≈~~~~
≈≈≈≈≈≈≈≈~~~~~≈≈≈≈~≈≈≈≈~~~~
≈≈~~~~~~~~~~~~~~~~~~≈~~~~~
≈≈~~.~~....©~~~~3m))≈≈~~~.
≈≈~......#####~~)~(~≈≈~~~.
≈≈~....###mmW###@~)~≈≈~~~.
≈≈~...####..y..##E.)~~~c~.
≈P~...#..##.....#.R†~~~c~~
≈P~..##..#≈#....##.~~~~~.~
≈≈P..#m..#m.m.m..#).~~...~
≈≈~..#©...}_)###.#...~~~.~
≈≈≈..#..##)! .#....~~.~
~~~..##.# ##.?.~~~~~
~~~...### ~....~~~~


You could see the friendly Cipactli the knight, 2 satyrs, a merfolk (ally
target), a water elemental (ally target) and a friendly soul eater (summoned).

Vanquished Creatures
  A kraken (Shoals:2)
  Donald (Orc:2)
  3 emperor scorpions
  5 ghost moths
  2 deep elf elementalists (Orc:1)
  A broodmother (Spider:1)
  A stone giant (Orc:1)
  The ghost of jimonade the Covert, an adept VSGl of Uskayaw (Spider:2)
  3 spark wasps (Spider:2)
  5 dire elephants (Lair:5)
  Azrael (Spider:3)
  A merfolk impaler (Shoals:1)
  4 entropy weavers
  2 merfolk javelineers
  3 hydras
  An ogre mage (Orc:1)
  A centaur warrior (Shoals:3)
  The ghost of Legacy the Fighter, a novice MiBe of Trog (D:10)
  A catoblepas (Shoals:3)
  2 jorogumos (Spider:4)
  A merfolk aquamancer (Shoals:1)
  A merfolk avatar (Shoals:2)
  2 boulder beetles
  2 alligator snapping turtles
  6 two-headed ogres
  10 death yaks
  4 death scarabs (Spider:4)
  The ghost of hbarley the Cleaver, a novice DsFi (D:8)
  An orc high priest (Orc:1)
  5 pharaoh ants
  5 orb spiders
  7 sea snakes
  A lindwurm (Lair:1)
  4 harpies
  2 spectral wolf spiders (Spider:4)
  An orc knight (Orc:2)
  A necromancer (Lair:5)
  Pikel (D:4)
  2 steelbarb worms (Spider:4)
  A deep elf pyromancer (D:12)
  An ugly thing (D:12)
  2 cyclopes
  2 orc sorcerers
  10 wolf spiders
  7 fauns (Shoals:1)
  7 merfolk sirens
  11 manticores
  A dire elephant zombie (Lair:5)
  A moth of wrath (Orc:1)
  6 demonic crawlers
  15 elephants
  3 water nymphs
  6 black mambas
  A gargoyle (D:12)
  11 cane toads
  7 torpor snails
  A kobold demonologist (D:11)
  2 spectral redbacks (Spider:4)
  5 komodo dragons
  A redback zombie (Spider:4)
  3 rime drakes
  A silent spectre (Orc:1)
  11 merfolk
  8 trolls
  3 polar bears
  6 dream sheep
  A wind drake (Shoals:2)
  14 tarantellas
  5 spectral tarantellas (Spider:4)
  11 blink frogs
  A spectral jumping spider (Spider:4)
  5 snapping turtles
  Sigmund (D:4)
  20 culicivoras
  25 jumping spiders
  6 wyverns
  17 yaks
  2 wraiths
  A fire elemental (Spider:3)
  8 water elementals
  3 basilisks
  30 redbacks
  Menkaure (D:5)
  A steam dragon (D:8)
  A death yak simulacrum (Lair:5)
  2 vampire mosquitoes (D:12)
  2 wargs
  10 water moccasins
  Duvessa (D:4)
  A hell hound (Spider:3)
  20 orc warriors
  2 elephant zombies (Lair:5)
  2 black bears
  3 ice beasts
  2 sky beasts
  7 wolves (Lair:1)
  7 ogres
  5 centaurs
  A lemure (D:5)
  2 kobold brigands
  2 phantoms
  7 bullfrogs
  2 necrophages (D:8)
  6 scorpions
  8 wights
  Dowan (D:4)
  An elephant simulacrum (Lair:5)
  5 killer bees (D:8)
  2 electric eels
  A howler monkey (D:7)
  4 jellies
  6 hounds
  14 orc priests
  5 iguanas
  Terence (D:2)
  23 orc wizards
  2 hell rats (Lair:5)
  Robin (D:3)
  6 gnolls
  9 river rats
  11 adders
  2 shadow imps
  2 white imps
  2 ufetubi
  2 worms
  A dart slug (D:3)
  75 orcs
  4 bats (D:1)
  8 endoplasms
  8 giant cockroaches
  19 goblins
  16 hobgoblins
  5 jackals
  5 quokkas
  8 ball pythons
  27 kobolds
  7 rats
  2 tentacles (Shoals:2)
760 creatures vanquished.

Vanquished Creatures (collateral kills)
  Saint Roka (Orc:2)
  Jorgrun (Shoals:2)
  A kraken (Shoals:2)
  Polyphemus (Shoals:3)
  An emperor scorpion (Spider:4)
  A ghost moth (Spider:3)
  An orc warlord (Bailey)
  3 broodmothers
  2 spark wasps (Spider:2)
  An ettin (Orc:1)
  3 merfolk impalers
  An entropy weaver (Spider:4)
  A hydra (Lair:2)
  An alligator snapping turtle (Shoals:3)
  A merfolk avatar (Shoals:1)
  A radroach (Spider:3)
  Erica (Lair:1)
  A merfolk aquamancer (Shoals:3)
  2 boulder beetles
  2 two-headed ogres (D:9)
  An orc high priest (Orc:2)
  3 death scarabs (Spider:4)
  3 death yaks (Lair:3)
  Urug (Orc:2)
  Nergalle (Orc:2)
  2 pharaoh ants
  An orb spider (Spider:1)
  A spectral anaconda (Lair:5)
  3 sea snakes
  A deep troll (Orc:1)
  4 orc knights
  A spectral jorogumo (Spider:4)
  A wolf spider zombie (Spider:4)
  An obsidian statue (Lair:5)
  A steelbarb worm (Spider:3)
  2 oklob plants
  3 wolf spiders
  2 necromancers (Lair:5)
  2 orc sorcerers
  A faun (Shoals:1)
  A cyclops (D:12)
  2 manticores
  10 elephants
  A moth of wrath (Spider:4)
  A demonic crawler (Spider:3)
  A black mamba (Lair:2)
  A spectral redback (Spider:4)
  2 cane toads
  2 komodo dragons
  A torpor snail (Spider:3)
  A rime drake (Lair:1)
  2 redback zombies (Spider:4)
  7 merfolk
  2 wind drakes
  A troll (Orc:1)
  A spectral jumping spider (Spider:4)
  2 blink frogs
  A spectral tarantella (Spider:4)
  A hornet (D:9)
  5 tarantellas
  A culicivora zombie (Spider:4)
  A dream sheep (Lair:2)
  5 jumping spiders
  A water elemental (Shoals:1)
  5 culicivoras
  10 yaks
  A fire elemental (Spider:3)
  A wyvern (Lair:4)
  A steam dragon (D:9)
  4 vampire mosquitoes (D:12)
  20 redbacks
  A water moccasin (Lair:5)
  A hell hound (Spider:3)
  6 orc warriors
  2 ice beasts (D:6)
  A swamp drake (D:12)
  An elephant zombie (Lair:5)
  2 wolves (Lair:1)
  2 kobold brigands
  5 bullfrogs
  A necrophage (D:8)
  A scorpion (Lair:2)
  6 wights
  A killer bee (D:8)
  A howler monkey (D:8)
  An elephant simulacrum (Lair:5)
  A hound (D:6)
  5 orc priests
  5 orc wizards
  A river rat (Lair:5)
  4 white imps (D:8)
  A howler monkey simulacrum (D:8)
  2 worms (Lair:2)
  11 orcs
  2 goblins (Bailey)
  2 hobgoblins (D:10)
  A kobold (Bailey)
  4 butterflies
228 creatures vanquished.

Vanquished Creatures (others)
  20 knights
  3 ancestors
  41 fungi
  64 plants
  14 tentacles (Shoals:2)
  18 withered plants (Lair:5)
160 creatures vanquished.

Grand Total: 1148 creatures vanquished

Notes
Turn   | Place    | Note
-------+----------+-------------------------------------------
     0 | D:1      | Newt the Demonspawn Gladiator began the quest for the Orb.
     0 | D:1      | Reached XP level 1. HP: 16/16 MP: 1/1
    93 | D:1      | Reached skill level 1 in Stealth
   377 | D:1      | Gained mutation: You are partially covered in rugged brown
                  | scales. (AC +1, +3% HP) [demonic ancestry]
   377 | D:1      | Reached XP level 2. HP: 16/22 MP: 2/2
   575 | D:1      | Found a faded altar of an unknown god.
  1042 | D:2      | Identified 2 scrolls of acquirement
  1042 | D:2      | Acquired a +2 broad axe of electrocution
  1045 | D:2      | Acquired 783 gold pieces
  1090 | D:2      | Noticed Terence
  1109 | D:2      | Killed Terence
  1110 | D:2      | Reached XP level 3. HP: 16/27 MP: 3/3
  1130 | D:2      | Reached XP level 4. HP: 8/33 MP: 4/4
  1672 | D:2      | Found Pomofoc's Antique Weapon Boutique.
  1681 | D:2      | Bought a steaming sling for 149 gold pieces
  1681 | D:2      | Identified the +8 sling of the Boiling Point {drain, Str+3}
                  | (You bought it in a shop on level 2 of the Dungeon)
  1976 | D:3      | Reached XP level 5. HP: 39/39 MP: 5/5
  2127 | D:3      | Reached skill level 1 in Ranged Weapons
  2604 | D:3      | Noticed Robin
  2629 | D:3      | Killed Robin
  2630 | D:3      | Reached skill level 2 in Ranged Weapons
  2881 | D:4      | Noticed Duvessa
  2881 | D:4      | Noticed Dowan
  2957 | D:4      | Reached skill level 3 in Ranged Weapons
  2957 | D:4      | Gained mutation: You are mostly covered in rugged brown
                  | scales. (AC +2, +5% HP) [demonic ancestry]
  2957 | D:4      | Reached XP level 6. HP: 39/46 MP: 6/6
  3191 | D:4      | Reached skill level 4 in Ranged Weapons
  3348 | D:4      | Noticed Sigmund
  3354 | D:4      | Killed Sigmund
  3355 | D:4      | Reached skill level 5 in Ranged Weapons
  3355 | D:4      | Reached XP level 7. HP: 41/52 MP: 7/7
  3443 | D:4      | Killed Dowan
  3456 | D:4      | Killed Duvessa
  3459 | D:4      | Reached skill level 6 in Ranged Weapons
  3891 | D:5      | Entered Level 5 of the Dungeon
  3893 | D:5      | Noticed Pikel
  3905 | D:5      | Found a staircase to the Ecumenical Temple.
  3912 | D:4      | Killed Pikel
  3913 | D:4      | Reached skill level 8 in Ranged Weapons
  3913 | D:4      | Gained mutation: Your touch may inflict minor irresistible
                  | damage on your foes. [demonic ancestry]
  3913 | D:4      | Reached XP level 8. HP: 15/58 MP: 8/8
  4174 | Temple   | Entered the Ecumenical Temple
  4399 | Temple   | Became a worshipper of Hepliaklqana the Forgotten
  4451 | D:5      | Found a stormy altar of Qazlal.
  4763 | D:5      | Found Yklomek's CLEARANCE SALE!.
  4771 | D:5      | Bought a potion of curing for 9 gold pieces
  4904 | D:5      | Reached * piety under Hepliaklqana
  4911 | D:5      | Reached skill level 9 in Ranged Weapons
  4935 | D:5      | Noticed Menkaure
  4954 | D:5      | Killed Menkaure
  5060 | D:6      | Gained mutation: You regenerate a little health from kills.
                  | [demonic ancestry]
  5060 | D:6      | Reached XP level 9. HP: 51/62 MP: 9/9
  5169 | D:6      | Reached skill level 5 in Fighting
  5336 | D:6      | Found a glowing drain.
  5349 | Sewer    | Entered a sewer
  5621 | D:6      | Reached skill level 5 in Dodging
  5621 | D:6      | Reached skill level 1 in Invocations
  5853 | D:6      | Found a basalt altar of Yredelemnul.
  5877 | D:6      | Found Isotig's Assorted Antiques.
  5999 | D:7      | Reached ** piety under Hepliaklqana
  6000 | D:7      | Remembered your ancestor Cipactli as a knight
  6006 | D:7      | Reached skill level 5 in Invocations
  6195 | D:7      | Noticed a cyclops
  6210 | D:7      | Killed a cyclops
  6211 | D:7      | Reached skill level 10 in Ranged Weapons
  6211 | D:7      | Gained mutation: You regenerate health from kills. [demonic
                  | ancestry]
  6211 | D:7      | Reached XP level 10. HP: 33/72 MP: 13/13
  7191 | D:8      | Found a runed translucent gate.
  7191 | D:8      | Found a runed translucent gate.
  7192 | D:8      | Found a runed translucent gate.
  7382 | D:8      | Found a snail-covered altar of Cheibriados.
  7593 | D:8      | Reached skill level 11 in Ranged Weapons
  8029 | D:8      | Noticed hbarley's ghost (novice DsFi)
  8114 | D:9      | Reached *** piety under Hepliaklqana
  8197 | D:9      | Reached skill level 12 in Ranged Weapons
  8243 | D:9      | Found Ewuss's Distillery.
  8251 | D:9      | Bought a potion of heal wounds for 80 gold pieces
  8251 | D:9      | Bought 2 potions of heal wounds for 160 gold pieces
  8251 | D:9      | Bought a potion of lignification for 48 gold pieces
  8283 | D:9      | Noticed a two-headed ogre
  8289 | D:9      | Killed a two-headed ogre
  8303 | D:9      | Reached XP level 11. HP: 76/76 MP: 14/14
  8444 | D:9      | Noticed a two-headed ogre
  8450 | D:9      | Killed a two-headed ogre
  8451 | D:9      | Reached skill level 13 in Ranged Weapons
  8598 | D:9      | Found a staircase to the Lair.
  8966 | Lair:1   | Entered Level 1 of the Lair of Beasts
  9030 | Lair:1   | Noticed a boulder beetle
  9041 | Lair:1   | Killed a boulder beetle
  9154 | Lair:1   | Reached **** piety under Hepliaklqana
  9332 | Lair:1   | Reached skill level 14 in Ranged Weapons
  9442 | Lair:1   | Found a runed translucent gate.
  9442 | Lair:1   | Found a runed translucent gate.
  9442 | Lair:1   | Found a runed translucent gate.
  9442 | Lair:1   | Noticed jimonade's ghost (journeyman VSBr)
  9459 | Lair:1   | Noticed a lindwurm
  9471 | Lair:1   | Killed a lindwurm
  9538 | Lair:1   | Noticed Erica
  9548 | Lair:1   | Killed Erica
  9884 | Lair:2   | Noticed a four-headed hydra
  9889 | Lair:2   | Killed a four-headed hydra
 10079 | Lair:2   | Gained mutation: A weak demonic guardian rushes to your
                  | aid. [demonic ancestry]
 10079 | Lair:2   | Reached XP level 12. HP: 67/83 MP: 15/15
 10174 | Lair:2   | Found a hole to the Spider Nest.
 10207 | Lair:2   | Found a staircase to the Shoals.
 10246 | Lair:2   | Noticed a seven-headed hydra
 10254 | Lair:2   | Killed a seven-headed hydra
 10396 | Lair:2   | Reached skill level 10 in Dodging
 11333 | Lair:3   | Noticed a death yak
 11333 | Lair:3   | Noticed a death yak
 11334 | Lair:3   | Noticed a death yak
 11334 | Lair:3   | Noticed a death yak
 11334 | Lair:3   | Noticed a death yak
 11369 | Lair:2   | Killed a death yak
 11563 | Lair:3   | Found a shadowy altar of Dithmenos.
 11686 | Lair:3   | Noticed a seven-headed hydra
 11696 | Lair:3   | Killed a seven-headed hydra
 11743 | Lair:3   | Reached ***** piety under Hepliaklqana
 11953 | Lair:3   | Reached skill level 1 in Evocations
 12038 | Lair:3   | Killed a death yak
 12039 | Lair:3   | Gained mutation: A demonic guardian rushes to your aid.
                  | [demonic ancestry]
 12039 | Lair:3   | Reached XP level 13. HP: 95/95 MP: 19/19
 12635 | Lair:4   | Reached skill level 5 in Evocations
 12835 | Lair:4   | Found a staircase to the Slime Pits.
 12836 | Lair:4   | Found a viscous altar of Jiyva.
 12857 | Lair:4   | Acquired the amulet of Awo Muatt {Will+ Regen+}
 13302 | Lair:4   | Gained mutation: You are vulnerable to cold. (rC-) [potion
                  | of mutation]
 13302 | Lair:4   | Gained mutation: You have a pair of small horns on your
                  | head. [potion of mutation]
 13302 | Lair:4   | Gained mutation: Your mind is acute. (Int +4, Str/Dex -1)
                  | [potion of mutation]
 13303 | Lair:4   | Lost mutation: You have a pair of small horns on your head.
                  | [potion of mutation]
 13303 | Lair:4   | Lost mutation: You are vulnerable to cold. (rC-) [potion of
                  | mutation]
 13303 | Lair:4   | Lost mutation: Your mind is acute. (Int +4, Str/Dex -1)
                  | [potion of mutation]
 13303 | Lair:4   | Gained mutation: Potions are less effective at restoring
                  | your health. [potion of mutation]
 13303 | Lair:4   | Gained mutation: You are resistant to electric shocks.
                  | (rElec) [potion of mutation]
 13303 | Lair:4   | Gained mutation: You are robust. (+10% HP) [potion of
                  | mutation]
 13566 | Lair:5   | Entered Level 5 of the Lair of Beasts
 13693 | Lair:5   | Reached skill level 10 in Evocations
 13706 | Lair:5   | Reached skill level 1 in Armour
 14000 | Lair:5   | Noticed a dire elephant
 14000 | Lair:5   | Noticed a dire elephant
 14000 | Lair:5   | Noticed a dire elephant
 14002 | Lair:5   | Noticed a dire elephant
 14455 | Lair:5   | Reached skill level 5 in Armour
 14455 | Lair:5   | Gained mutation: You regenerate a lot of health from kills.
                  | [demonic ancestry]
 14455 | Lair:5   | Reached XP level 14. HP: 113/113 MP: 20/20
 14596 | Lair:5   | Reached skill level 1 in Shields
 14867 | Lair:5   | Gained mutation: Armour fits poorly on your strangely
                  | shaped body. [a neqoxec]
 15954 | D:8      | Killed hbarley's ghost
 15955 | D:8      | Reached skill level 5 in Shields
 16036 | D:10     | Entered Level 10 of the Dungeon
 16059 | D:10     | Found a runed translucent door.
 16078 | D:10     | Noticed Legacy's ghost (novice MiBe)
 16104 | D:10     | Found a flagged portal.
 16113 | Bailey   | Entered a bailey
 16120 | Bailey   | Noticed an orc warlord
 16196 | Bailey   | Found a runed translucent gate.
 16203 | Bailey   | Acquired a scarf of harm
 16224 | Bailey   | Found a runed translucent gate.
 16226 | Bailey   | Found a runed translucent gate.
 16353 | Bailey   | Killed an orc warlord
 16360 | Bailey   | Identified the +0 pair of boots of Complete Protection
                  | {Str+4}
 16391 | Bailey   | Reached XP level 15. HP: 118/118 MP: 21/21
 16450 | D:10     | Identified the +1 robe of Hireser {rPois}
 16469 | D:10     | You fall into a shaft and drop 2 floors!
 17205 | D:12     | Found a staircase to the Orcish Mines.
 17304 | Orc:1    | Entered Level 1 of the Orcish Mines
 17429 | Orc:1    | Found Wcoso's Whimsical Warehouse.
 17461 | Orc:1    | Bought a book of Weapons for 476 gold pieces
 17723 | Orc:1    | Reached ****** piety under Hepliaklqana
 17840 | Orc:1    | Found a transporter.
 18033 | Orc:1    | Found a bloodstained altar of Trog.
 18033 | Orc:1    | Found the necklace of Bloodlust {Fury *Rage Will++ Int-3
                  | Slay+6}
 18103 | Orc:1    | Found a transporter.
 18103 | Orc:1    | Found a runed translucent door.
 18104 | Orc:1    | Noticed a deep elf sorcerer
 18140 | Orc:1    | Reached skill level 10 in Shields
 18140 | Orc:1    | Reached skill level 1 in Spellcasting
 18176 | Orc:1    | Identified the +0 plate armour "Ihoreg" {Int+2}
 18192 | Orc:1    | Identified the +5 great sword of Generosity {freeze, *Noise
                  | rPois Int+6 Dex+2}
 18489 | Orc:2    | Entered Level 2 of the Orcish Mines
 18489 | Orc:2    | Found Buibep's Vocational Training.
 18564 | Orc:2    | Noticed Nergalle
 18568 | Orc:2    | Noticed Saint Roka
 18605 | Orc:2    | Killed Nergalle
 18606 | Orc:2    | Reached skill level 5 in Spellcasting
 18613 | Orc:2    | Noticed Urug
 18620 | Orc:2    | Killed Urug
 18627 | Orc:2    | Killed Saint Roka
 18756 | Orc:2    | Found a staircase to the Elven Halls.
 18774 | Orc:2    | Gained mutation: Your touch may inflict irresistible damage
                  | on your foes. [demonic ancestry]
 18774 | Orc:2    | Reached XP level 16. HP: 126/126 MP: 25/25
 18825 | Orc:2    | Noticed Donald
 18847 | Orc:2    | Killed Donald
 19041 | Orc:2    | Found Usimaij's General Store.
 19057 | Orc:2    | Found Notzenong's Antique Weapon Shoppe.
 19073 | Orc:2    | Found Teffemitt's Antique Armour Shoppe.
 19087 | Orc:2    | Found Ovuh's Book Shoppe.
 20032 | D:10     | Learned a level 3 spell: Portal Projectile
 20202 | D:10     | Found a bloodstained altar of Trog.
 20458 | D:10     | Killed Legacy's ghost
 20459 | D:10     | Reached skill level 1 in Hexes
 20467 | D:10     | Identified the ring "Soiw" {rN+ AC+4}
 20563 | Spider:1 | Entered Level 1 of the Spider Nest
 20566 | Spider:1 | Reached skill level 1 in Translocations
 21058 | Spider:1 | You fall into a shaft and drop 1 floor!
 21206 | Spider:2 | Reached skill level 5 in Hexes
 21403 | Spider:2 | Reached skill level 5 in Translocations
 21530 | Spider:2 | Found a runed translucent door.
 21536 | Spider:2 | Noticed jimonade's ghost (adept VSGl)
 21937 | Spider:2 | Killed jimonade's ghost
 21940 | Spider:2 | Identified the amulet of the Crushed Hosts {Harm Regen+
                  | Str+2}
 22333 | Spider:3 | Learned a level 2 spell: Blink
 22345 | Spider:3 | Learned a level 3 spell: Dazzling Flash
 22693 | Spider:3 | Noticed Azrael
 22704 | Spider:3 | Killed Azrael
 22878 | Spider:3 | Reached XP level 17. HP: 131/131 MP: 29/29
 23403 | Spider:4 | Entered Level 4 of the Spider Nest
 24342 | Spider:4 | Reached skill level 10 in Hexes
 25023 | Spider:4 | Got a gossamer rune of Zot
 25249 | Shoals:1 | Entered Level 1 of the Shoals
 25266 | Shoals:1 | Reached skill level 10 in Translocations
 25490 | Shoals:1 | Found a runed translucent door.
 25587 | Shoals:1 | Found Vuliqux's Magic Scroll Shop.
 25595 | Shoals:1 | Bought a scroll of enchant weapon for 82 gold pieces
 25595 | Shoals:1 | Bought a scroll of enchant armour for 82 gold pieces
 25595 | Shoals:1 | Bought a scroll of enchant armour for 82 gold pieces
 25975 | Shoals:1 | Reached skill level 10 in Fighting
 26567 | Shoals:2 | Noticed a kraken
 26617 | Shoals:2 | Killed a kraken
 26727 | Shoals:2 | Noticed Jorgrun
 26735 | Shoals:2 | Killed Jorgrun
 26736 | Shoals:2 | Gained mutation: Your touch may irresistibly damage your
                  | foes and sap their willpower. [demonic ancestry]
 26736 | Shoals:2 | Reached XP level 18. HP: 144/144 MP: 22/30
 26808 | Shoals:2 | Learned a level 3 spell: Tukima's Dance
 27556 | Shoals:3 | Noticed Polyphemus
 27594 | Shoals:3 | Killed Polyphemus
 28052 | Shoals:3 | Found a transporter.
 28057 | Shoals:3 | Found a transporter.
 28061 | Shoals:3 | Found a bloodstained altar of Trog.
 28061 | Shoals:3 | Noticed Qobluxtent's ghost (adept GnDe)
 28112 | Shoals:3 | HP: 7/150 [satyr/arrow (43)]
 28112 | Shoals:3 | Shot with an arrow by a satyr

Illustrated notes

Levels and vault maps discovered:
D:1:      nagdon_arrival_double_spiral, layout_loops_ring,
          hellmonk_ecumenical_altar_inner_sanctum, serial_bayou_pond_a
D:2:      layout_basic, serial_shops, nicolae_lakefront_shop,
          minmay_misc_feat_rows, uniq_terence
D:3:      mumra_celtic_spiral_tile, layout_basic, uniq_robin
D:4:      layout_layer_cave, chequers_serial_rivers_small_3,
          minmay_close_crescents, uniq_sigmund, uniq_duvessa
D:5:      layout_gridville, mainiacjoe_overflow_catwalk,
          minmay_temple_entry_butterflies, nicolae_shop_clearance,
          uniq_menkaure, uniq_pikel
D:6:      layout_gridville, mainiacjoe_overflow_cross_hatched,
          cheibrodos_sewer_entry_drain, serial_shops, nicolae_take_the_stairs,
          st_stairs_11
D:7:      layout_loops_ring, supply_closet_lemuel, hangedman_glass_garden,
          grunt_ministairs_10
D:8:      layout_rooms, lemuel_crystal_altar, gammafunk_ghost_icy,
          serial_co_window_serial, co_window_paths_a, co_window_paths_b,
          co_window_paths_a, co_window_paths_a, co_window_paths_a,
          co_window_corner_a, co_window_cross_1, co_window_broadway_a,
          co_window_of_opportunity_b, co_window_corner_ca, co_window_corner_b,
          co_window_paths_c, co_window_broadway_b, co_window_of_opportunity_b,
          glass_columns_c, glass_columns_b, glass_columns_a, glass_columns_a
D:9:      layout_long_grid, grunt_lair_entry_orc_guard_hut, serial_shops,
          nicolae_shop_trees
D:10:     layout_long_grid, trog_hazing_becter, enter_bailey_4,
          ebering_ghost_reflecting_pool
D:11:     layout_small_grid
D:12:     layout_roguey, erik_orc_1
Temple:   dpeg_five_rooms_temple
Lair:1:   layout_roguey, ebering_ghost_rock_garden, uniq_erica
Lair:2:   layout_layer_cave, minmay_shoals_entry_lonely_mermaid,
          nicolae_spider_entry_non_spiders
Lair:3:   layout_cave_pods, basic_altar, grunt_megastairs_2, lemuel_fruit_tree,
          serial_bayou_shore_a
Lair:4:   layout_cave_pods, slime_entry_1
Lair:5:   due_jungle_book, layout_regular_city, kennysheep_rathole
Shoals:1: layout_shoals, serial_shops, shop, nicolae_shoals_square_sea_wall,
          lightli_airlock
Shoals:2: layout_shoals, nicolae_shoals_kraken_intersection, uniq_jorgrun
Shoals:3: layout_shoals, gammafunk_ghost_wrathful_warriors,
          nicolae_shoals_pincushion_passage, uniq_polyphemus, uniq_ilsuiw
Spider:1: layout_spider_delve, nicolae_spider_scorpion_nest
Spider:2: layout_spider_delve, ebering_ghost_inner_flame,
          nicolae_spider_paper_wasps
Spider:3: layout_spider_delve, hangedman_spider_tarantella_strand, uniq_azrael
Spider:4: floodkiller_spider_rune_tomb, drop_trap
Orc:1:    emtedronai_trogs_sanctum, layout_caves, nicolae_orc_rockfall,
          nicolae_alphabet_shops, bh_open_orc_temple
Orc:2:    grunt_orc_cross, layout_caves, nicolae_shop_vocational, uniq_donald

Skill      XL: |  1  2  3  4  5  6  7  8  9 10 11 12 13 14 15 16 17 18 |
---------------+-------------------------------------------------------+-----
Stealth        | 1 2 |  2.0
Throwing       | 2 3 4 |  4.3
Ranged Weapons | 3 5 8 9 10 12 14 | 14.2
Fighting       | 4 6 9 11 13 | 13.0
Dodging        | 5 8 10 | 10.0
Invocations    | 5 9 |  9.0
Evocations     | 3 10 | 10.0
Armour         | 5 6 |  6.0
Shields        | 8 10 | 10.0
Spellcasting   | 6 8 |  8.0
Hexes          | 8 11 | 11.2
Translocations | 7 10 | 10.3
Short Blades   | |  2.6

Action                     |  1- 3 |  4- 6 |  7- 9 | 10-12 | 13-15 | 16-18 || total
---------------------------+-------+-------+-------+-------+-------+-------++-------
  Melee: Rapier            |    50 |       |       |       |       |       ||    50
         Broad axe         |    31 |    28 |       |       |       |       ||    59
         Sling             |       |       |       |       |       |     3 ||     3
   Fire: Sling             |       |   125 |   301 |   565 |  1183 |  1513 ||  3687
  Throw: Dart              |     3 |       |       |       |       |       ||     3
         Throwing net      |     3 |       |     2 |       |       |       ||     5
   Cast: Portal Projectile |       |       |       |       |       |    29 ||    29
         Blink             |       |       |       |       |       |     1 ||     1
 Invoke: Ancestor Life: Kn |       |       |     1 |       |       |       ||     1
         Idealise          |       |       |       |     1 |     4 |     3 ||     8
         Recall Ancestor   |       |       |       |       |     2 |     2 ||     4
    Use: Scroll            |     5 |     2 |     5 |     6 |    13 |    10 ||    41
         Potion            |     1 |     1 |     1 |     1 |     8 |     3 ||    15
   Stab: Sleeping          |     2 |     2 |       |       |       |       ||     4
 Armour: Leather armour    |    35 |    30 |       |       |       |       ||    65
         Animal skin       |       |     8 |    10 |       |       |    82 ||   100
         Ring mail         |       |       |    39 |    26 |    59 |       ||   124
         Troll leather arm |       |       |       |       |    11 |     3 ||    14
  Dodge: Dodged            |    67 |    62 |    74 |    82 |   388 |   374 ||  1047
  Block: Other             |       |       |       |    11 |     4 |       ||    15
         Buckler           |       |       |       |       |    64 |   172 ||   236
         Reflection        |       |       |       |       |     6 |    14 ||    20

Table legend: (Time is in decaauts)
 A = Elapsed time spent in this place.
 B = Non-inter-level travel time spent in this place.
 C = Inter-level travel time spent in this place.
 D = Time resting spent in this place.
 E = Time spent auto-exploring this place.
 F = Levels seen in this place.
 G = Mean time per level.
                   A        B        C        D        E       F      G
               +--------+--------+--------+--------+--------+-----+--------+
         Total |  27783 |  25412 |   2371 |   3325 |  16911 |  29 |  958.0 |
       Dungeon |  11624 |  10229 |   1395 |   1647 |   6863 |  12 |  968.7 |
        Temple |    267 |    178 |     89 |      0 |    165 |   1 |  267.0 |
          Lair |   6399 |   5906 |    493 |    254 |   4433 |   5 | 1279.8 |
        Shoals |   2907 |   2870 |     37 |     69 |   2210 |   3 |  969.0 |
   Spider Nest |   4208 |   3966 |    242 |   1066 |   1948 |   4 | 1052.0 |
  Orcish Mines |   1815 |   1703 |    112 |    289 |    932 |   2 |  907.5 |
         Sewer |    280 |    280 |      0 |      0 |    206 |   1 |  280.0 |
        Bailey |    281 |    281 |      0 |      0 |    153 |   1 |  281.0 |
               +--------+--------+--------+--------+--------+-----+--------+

Top non-repeatable levels by time:
  Lair:5: 1672 daAuts
  Lair:2: 1568 daAuts
Spider:4: 1515 daAuts
Spider:3: 1467 daAuts
     D:4: 1301 daAuts
  Lair:3: 1246 daAuts
     D:8: 1219 daAuts
Shoals:1: 1170 daAuts
     D:3: 1162 daAuts
   Orc:1: 1145 daAuts
Shoals:2: 1139 daAuts
     D:7: 1032 daAuts
Spider:2: 1006 daAuts
     D:1: 984 daAuts
  Lair:4: 959 daAuts
